 Dungeon Crawl Stone Soup version 0.28-a0-1235-g7c8fac35f0 (webtiles) character file.

Game seed: 17935143616725480105

2482 r3xj the Protected (level 9, -3/83 HPs)
             Began as a Minotaur Fighter on Dec 24, 2021.
             Was a Priest of Okawaru.
             Succumbed to a hornet's poison
             ... on level 7 of the Dungeon.
             The game lasted 00:12:38 (7990 turns).

r3xj the Protected (Minotaur Fighter)               Turns: 7990, Time: 00:12:38

Health: -3/83      AC: 15    Str: 24    XL:     9   Next: 27%
Magic:  7/8        EV:  7    Int:  5    God:    Okawaru [***...]
Gold:   224        SH:  4    Dex: 11    Spells: 8/8 levels left

rFire   . . .      SeeInvis .   a - +0 flail
rCold   . . .      Faith    .   c - +0 buckler
rNeg    . . .      Spirit   .   r - +0 plate armour
rPois   .          Reflect  .   (helmet restricted)
rElec   .          Harm     .   (no cloak)
rCorr   .          Rampage  .   i - +0 pair of gloves
Will    .....                   (no boots)
Stlth   ..........              (no amulet)
HPRegen 0.23/turn               h - ring of wizardry
MPRegen 0.11/turn               (no ring)

@: mighty, lethally poisoned (-3 -> -19)
A: horns 2, retaliatory headbutt
a: Renounce Religion, Heroism


You were on level 7 of the Dungeon.
You worshipped Okawaru.
Okawaru was most pleased with you.
You visited 2 branches of the dungeon, and saw 8 of its levels.
You also visited: Sewer.

You collected 224 gold pieces.

Inventory:

Hand Weapons
 a - a +0 flail (weapon)
Missiles
 j - 6 poisoned darts (quivered)
 k - 5 silver javelins
Armour
 c - a +0 buckler (worn)
 i - a +0 pair of gloves (worn)
 r - a +0 plate armour (worn)
Jewellery
 h - a ring of wizardry (left hand)
 q - a ring of ice
Wands
 t - a wand of iceblast (7)
Scrolls
 f - 6 scrolls of teleportation {unknown}
 g - 6 scrolls of identify {unknown}
 m - a scroll of fog {unknown}
 n - a scroll of enchant weapon {unknown}
 o - 3 scrolls of holy word {unknown}
 p - 5 scrolls of immolation {unknown}
 s - 3 scrolls of vulnerability {unknown}
 w - a scroll of fear {unknown}
 y - a scroll of amnesia {unknown}
 A - a scroll of noise {unknown}
 B - a scroll of enchant armour {unknown}
Potions
 b - a potion of mutation {unknown}
 d - a potion of might
 e - 3 potions of curing {unknown}
 l - a potion of heal wounds {unknown}
 u - a potion of brilliance {unknown}
 v - 2 potions of berserk rage
 x - a potion of haste {unknown}
 z - a potion of lignification {unknown}


   Skills:
 + Level 9.3 Fighting
 + Level 9.0 Maces & Flails
 + Level 9.4 Armour
 - Level 4.0 Shields


You had 8 spell levels left.
You didn't know any spells.
Your spell library contained the following spells:

 Spells                   Type           Power      Damage    Failure   Level
 Foxfire                  Conj/Fire      0%         2x1d4     91%         1
 Conjure Flame            Conj/Fire      0%         6-21      99%         3
 Inner Flame              Hex/Fire       0%         N/A       99%         3
 Portal Projectile        Hex/Tloc       0%         N/A       99%         3
 Cause Fear               Hex            0%         N/A       100%        4
 Flame Wave               Conj/Fire      0%         2d4       100%        4
 Leda's Liquefaction      Hex/Erth       0%         N/A       100%        4
 Passage of Golubria      Tloc           0%         N/A       100%        4
 Silence                  Hex/Air        0%         N/A       100%        5
 Discord                  Hex            0%         N/A       100%        8
 Lehudib's Crystal Spear  Conj/Erth      0%         10d2      100%        8
 Call Canine Familiar     Summ           Unusable   N/A       N/A         3

Dungeon Overview and Level Annotations

Branches:
Dungeon (7/15)             Temple (1/1) D:4           Sewer (visited)

Altars:
Ashenzari
Cheibriados
Dithmenos
Elyvilon
Kikubaaqudgha
Nemelex Xobeh
Okawaru
Qazlal
Ru
Sif Muna
Trog
Uskayaw
Vehumet
Wu Jian
Xom
Yredelemnul
Zin
The Shining One


Innate Abilities, Weirdness & Mutations

You have a pair of horns on your head.
You reflexively headbutt those who attack you in melee.


Message History

You are more poisoned.
You feel yourself slow down. The hornet barely misses you.
You closely miss the hornet.
You feel yourself speed up.
You feel very sick.
The hornet stings you but does no damage.
You closely miss the hornet. Your headbutt misses the hornet.
You feel very sick. The hornet closely misses you. You furiously retaliate!
You headbutt the hornet, but do no damage.
You hit the hornet.
You headbutt the hornet, but do no damage.
The hornet is lightly wounded.
You feel sick.
The hornet stings you but does no damage.
You feel very mighty all of a sudden.
You feel sick. The hornet stings you.
* * * LOW HITPOINT WARNING * * *
You feel yourself slow down. The hornet stings you.
* * * LOW HITPOINT WARNING * * *
You suddenly lose the ability to move!
You feel sick.
The hornet stings you but does no damage.
You feel yourself speed up.
You feel sick. The hornet barely misses you.
The hornet stings you but does no damage.
You can move again.
You hit the hornet but do no damage.
The hornet is lightly wounded.
You feel sick. The hornet barely misses you.
You sock the hornet! Your headbutt misses the hornet.
The hornet is moderately wounded.
You feel sick. The hornet stings you!
* * * LOW HITPOINT WARNING * * *
You are more poisoned.
You feel yourself slow down.
You bludgeon the hornet!! Your headbutt misses the hornet.
The hornet is almost dead.
You feel yourself speed up.
You feel like a meek peon again.
You die...

....# ....# #+#
.... .. ... # #.
..#.#.. #.##
.....
######..######..#
.......$..)))@y.#
.####.(######.#
###+#####.## #
#..........#
#........#.#
#........#..#
#........####
#........#
###........#


You could see a hornet.

Vanquished Creatures
  6 yaks (D:5)
  3 water moccasins
  A black bear (D:4)
  A sky beast (D:6)
  An ogre (D:5)
  A phantom (D:5)
  A gnoll sergeant (D:6)
  2 scorpions (D:6)
  3 hounds
  4 jellies
  2 orc priests
  A bullfrog skeleton (D:5)
  A gnoll shaman (D:7)
  2 iguanas
  3 orc wizards
  A hound skeleton (D:4)
  A howler monkey skeleton (D:5)
  13 gnolls
  7 adders
  A shadow imp (D:5)
  An ufetubus (D:5)
  6 adder skeletons
  A worm (D:2)
  3 dart slugs
  12 orcs
  4 ball pythons
  15 bats
  13 endoplasms
  5 giant cockroaches
  5 goblins
  5 hobgoblins
  8 jackals
  3 quokkas
  3 frilled lizards
  14 kobolds
  4 rats
157 creatures vanquished.

Vanquished Creatures (others)
  5 fungi (D:2)
  10 toadstools (D:2)
15 creatures vanquished.

Grand Total: 172 creatures vanquished

Notes
Turn   | Place    | Note
-------+----------+-------------------------------------------
     0 | D:1      | r3xj the Minotaur Fighter began the quest for the Orb.
     0 | D:1      | Reached XP level 1. HP: 19/19 MP: 0/0
   269 | D:1      | Found a faded altar of an unknown god.
   337 | D:1      | Reached XP level 2. HP: 27/27 MP: 1/1
  1153 | D:2      | Reached XP level 3. HP: 33/33 MP: 2/2
  1567 | D:2      | Reached XP level 4. HP: 31/41 MP: 3/3
  2038 | D:2      | Reached XP level 5. HP: 47/47 MP: 4/4
  2081 | D:2      | Reached skill level 5 in Armour
  2091 | D:2      | Reached skill level 5 in Fighting
  3719 | D:3      | Reached XP level 6. HP: 9/56 MP: 5/5
  4322 | D:4      | Reached skill level 5 in Maces & Flails
  4366 | D:4      | Found a staircase to the Ecumenical Temple.
  4390 | Temple   | Entered the Ecumenical Temple
  4569 | Temple   | Became a worshipper of Warmaster Okawaru
  4996 | D:4      | Reached XP level 7. HP: 63/63 MP: 6/6
  5128 | D:5      | Entered Level 5 of the Dungeon
  5202 | D:5      | Reached * piety under Okawaru
  5294 | D:5      | Noticed a yak
  5333 | D:5      | Found a glowing drain.
  5465 | Sewer    | Entered a sewer
  5759 | D:5      | Noticed a yak
  5759 | D:5      | Noticed a yak
  5760 | D:5      | Noticed a yak
  5761 | D:5      | Noticed a yak
  5762 | D:5      | Noticed a yak
  5768 | D:5      | Killed a yak
  5769 | D:5      | Reached XP level 8. HP: 65/73 MP: 4/7
  5781 | D:5      | Reached ** piety under Okawaru
  6505 | D:6      | Reached XP level 9. HP: 75/82 MP: 8/8
  6657 | D:6      | Reached *** piety under Okawaru
  7976 | D:7      | Paralysed by a hornet for 2 turns
  7985 | D:7      | Paralysed by a hornet for 3 turns
  7989 | D:7      | HP: 1/83 [hornet (7)]
  7990 | D:7      | Succumbed to a hornet's poison

Illustrated notes

Levels and vault maps discovered:
D:1:      lightli_arrival_chessboard, layout_basic,
          chequers_ecumenical_altar_island
D:2:      cheibrodos_fertilizer, layout_loops_ring, serial_co_window_serial,
          co_window_paths_a, co_window_of_opportunity_a, co_window_corner_a,
          co_window_cross_1, co_window_corner_a, co_window_corner_ca,
          co_window_of_opportunity_b, co_window_cross_2, co_window_broadway_b,
          co_window_unsneaky_path_d, co_window_paths_c, glass_columns_a
D:3:      layout_basic
D:4:      layout_gridville, minmay_temple_entry_hall, minmay_checkerbox
D:5:      layout_cave_pools, gup_sewer_entry_glass, grunt_tough_drop
D:6:      layout_cave_pods
D:7:      layout_basic, fedhas_bush_and_centaur_altar,
          gammafunk_temple_overflow_wave, minivault_14, grunt_ogre_cave
Temple:   eino_narrow_crystal_temple

Skill      XL: |  1  2  3  4  5  6  7  8  9 |
---------------+----------------------------+-----
Fighting       | 4 5 6 7 8 9 |  9.3
Armour         | 4 5 6 7 8 9 |  9.4
Shields        | 4 |  4.0
Maces & Flails | 3 4 5 6 8 9 |  9.0

Action                   |  1- 3 |  4- 6 |  7- 9 || total
-------------------------+-------+-------+-------++-------
Melee: Flail             |    92 |   149 |   237 ||   478
       Headbutt          |     8 |    30 |    47 ||    85
       Whip              |       |    24 |       ||    24
Invok: Heroism           |       |       |     3 ||     3
  Use: Potion            |       |       |     1 ||     1
Armor: Scale mail        |    57 |    27 |       ||    84
       Plate armour      |       |    54 |   141 ||   195
Dodge: Dodged            |    60 |    60 |    74 ||   194
Block: Buckler           |    24 |    38 |    51 ||   113

Table legend: (Time is in decaauts)
 A = Elapsed time spent in this place.
 B = Non-inter-level travel time spent in this place.
 C = Inter-level travel time spent in this place.
 D = Time resting spent in this place.
 E = Time spent auto-exploring this place.
 F = Levels seen in this place.
 G = Mean time per level.
                   A        B        C        D        E       F      G
               +--------+--------+--------+--------+--------+-----+--------+
         Total |   8050 |   7641 |    409 |   1030 |   5441 |   9 |  894.4 |
       Dungeon |   7625 |   7229 |    396 |   1030 |   5094 |   7 | 1089.3 |
        Temple |    187 |    174 |     13 |      0 |    162 |   1 |  187.0 |
         Sewer |    237 |    237 |      0 |      0 |    185 |   1 |  237.0 |
               +--------+--------+--------+--------+--------+-----+--------+

Top non-repeatable levels by time:
     D:2: 1710 daAuts
     D:3: 1478 daAuts
     D:6: 1435 daAuts
     D:5: 1112 daAuts
     D:4: 999 daAuts
     D:1: 809 daAuts
   Sewer: 237 daAuts
  Temple: 187 daAuts
     D:7: 79 daAuts
